 Dungeon Crawl Stone Soup version 0.20-a0-1000-g0e8f6bb (webtiles) character file.

388 Hybris the Slasher (level 7, -5/54 HPs)
             Began as a Human Fighter on Apr 12, 2017.
             Was a Believer of Uskayaw.
             Slain by an ogre
             ... wielding a +0 giant spiked club
              (23 damage)
             ... on level 4 of the Dungeon.
             The game lasted 00:05:44 (4996 turns).

Hybris the Slasher (Human Fighter)                  Turns: 4996, Time: 00:05:45

Health: -5/54      AC:  6    Str: 18    XL:     7   Next: 7%
Magic:  3/7        EV:  7    Int:  8    God:    Uskayaw [**....]
Gold:   153        SH: 10    Dex: 13    Spells: 6/6 levels left

rFire    . . .     SeeInvis +   a - +0 long sword
rCold    . . .     Gourm    .   c - +1 shield
rNeg     . . .     Faith    .   b - +0 scale mail
rPois    .         Spirit   .   (no helmet)
rElec    .         Reflect  .   (no cloak)
rCorr    .         Harm     .   (no gloves)
MR       .....                  (no boots)
Stlth    ..........             (no amulet)
Regen    0.2/turn               s - ring of see invisible
MPRegen  0.1/turn               (no ring)

@: no status effects
A: no striking features
a: Stomp, Line Pass, Renounce Religion


You were on level 4 of the Dungeon.
You worshipped Uskayaw.
Uskayaw was noncommittal.
You were not hungry.

You visited 1 branch of the dungeon, and saw 4 of its levels.

You collected 153 gold pieces.

Inventory:

Hand Weapons
 a - a +0 long sword (weapon)
Armour
 b - a +0 scale mail (worn)
 c - a +1 shield (worn)
Jewellery
 s - a ring of see invisible (left hand)
Scrolls
 e - a scroll of noise {unknown}
 g - 2 scrolls of identify
 j - a scroll of immolation {unknown}
 l - 2 scrolls of teleportation {unknown}
 n - a scroll of magic mapping {unknown}
 o - a scroll of amnesia {unknown}
 p - a scroll of remove curse
 q - a scroll of blinking {unknown}
 r - 2 scrolls of enchant armour
 u - a scroll of enchant weapon {unknown}
Potions
 d - 3 potions of might
 h - a potion of haste
 m - a potion of flight {unknown}
 t - a potion of degeneration {unknown}
 v - a potion of berserk rage {unknown}
 x - a potion of lignification {unknown}
Comestibles
 f - 2 bread rations
 i - 2 meat rations
 k - a fruit


   Skills:
 - Level 4.3 Fighting
 * Level 6.0 Long Blades
 - Level 3.0 Armour
 - Level 3.0 Shields
 + Level 1.2 Invocations


You had 6 spell levels left.
You didn't know any spells.

Dungeon Overview and Level Annotations

Branches:
Dungeon (4/15)
 Temple: D:4-7

Altars:
Hepliaklqana
Sif Muna
Uskayaw


Message History

The ogre appears confused.
You feel somewhat more hungry.
The ogre mumbles something.
You hit the ogre but do no damage.
The ogre is heavily wounded.
The ogre seems less confused.
You block the ogre's attack.
You see here a giant spiked club.
You barely miss the ogre.
The ogre is heavily wounded.
The ogre hits you with a giant spiked club!
You are too injured to fight recklessly!
You are too injured to fight recklessly!
You hit the ogre.
The ogre is severely wounded.
Your shield and scale mail prevent you from hitting the ogre.
The ogre is severely wounded.
You block the ogre's attack.
You hit the ogre.
The ogre is severely wounded.
The ogre hits you with a giant spiked club!!
You die...

.#####.##.#.####.#.# #.#
...................# #.#
.#####.##.#.####.### #.#
........#.#..# #.# #####.#
..........#.)# #.# #.....#
.##.#######..###.# #######
.##.#######...##.# #
.##.........#.##O# #.####
.........####.##@# #.#..#
.##.####.# #.##.# ....##
.##....#.# #.##.######...
.......#.# #..#.........###
#######..# ##.#...........#
.........# ##.#.........#.#
.........# #............#..< ##
######...# #.#..........###....
...รท.....####.#.###...[..O......O


You could see an ogre.

Vanquished Creatures
  An ogre (D:4)
  A hound (D:4)
  2 orc priests
  2 worker ants (D:4)
  6 adders
  4 worms
  3 dart slugs
  6 leopard geckos
  8 orcs
  5 giant cockroaches
  9 goblins
  7 hobgoblins
  4 jackals
  5 kobolds
  3 quokkas
  A ball python skeleton (D:4)
  8 bats
  4 frilled lizards
  11 rats
90 creatures vanquished.

Notes
Turn   | Place    | Note
-------+----------+-------------------------------------------
     0 | D:1      | Hybris the Human Fighter began the quest for the Orb.
     0 | D:1      | Reached XP level 1. HP: 18/18 MP: 1/1
   273 | D:1      | Reached XP level 2. HP: 21/24 MP: 2/2
   715 | D:1      | Reached XP level 3. HP: 28/29 MP: 3/3
   811 | D:2      | Reached skill level 3 in Long Blades
  1059 | D:2      | Found a deep blue altar of Sif Muna.
  1388 | D:2      | Reached XP level 4. HP: 36/36 MP: 4/4
  1727 | D:2      | Found a hide-covered altar of Uskayaw.
  1742 | D:2      | Became a worshipper of Uskayaw the Reveler
  1778 | D:2      | Reached * piety under Uskayaw
  2945 | D:3      | Reached skill level 4 in Long Blades
  2945 | D:3      | Reached XP level 5. HP: 41/42 MP: 5/5
  3142 | D:3      | Reached ** piety under Uskayaw
  3687 | D:3      | Reached *** piety under Uskayaw
  3913 | D:3      | Found a hazy altar of Hepliaklqana.
  4037 | D:4      | Reached skill level 5 in Long Blades
  4037 | D:4      | Reached XP level 6. HP: 21/48 MP: 6/6
  4825 | D:4      | Noticed an ogre
  4826 | D:4      | Noticed an ogre
  4983 | D:4      | Killed an ogre
  4983 | D:4      | Reached skill level 6 in Long Blades
  4983 | D:4      | Reached skill level 1 in Invocations
  4983 | D:4      | Reached XP level 7. HP: 42/54 MP: 7/7
  4987 | D:4      | Reached **** piety under Uskayaw
  4996 | D:4      | Slain by an ogre

Vault maps used:
D:1:      lemuel_arrival_muddy, minmay_surrounded
D:2:      old_standard_altar, nicolae_overflow_crystal_walls
D:3:      lemuel_crystal_altar
D:4:      old_standard_altar, minmay_lizard_king

Skill      XL: |  1  2  3  4  5  6 |
---------------+-------------------+-----
Long Blades    | 3 4 5 6 |  6.0
Fighting       | 4 |  4.3
Invocations    | 1 |  1.2
Armour         | |  3.0
Shields        | |  3.0

Action                   |  1- 3 |  4- 6 |  7- 9 || total
-------------------------+-------+-------+-------++-------
Melee: Long sword        |    99 |   258 |    11 ||   368
Invok: Stomp             |       |     2 |       ||     2
       Line Pass         |       |       |     1 ||     1
  Use: Scroll            |       |     3 |       ||     3
 Stab: Paralysed         |       |     1 |     1 ||     2
  Eat: Chunk             |     1 |    13 |       ||    14
Armor: Scale mail        |    60 |   105 |       ||   165
Dodge: Dodged            |    28 |    80 |     1 ||   109
Block: Shield            |    55 |   160 |     5 ||   220
       Rpst.: Long sword |     8 |    23 |       ||    31
